TOP OF THE 1ST |
---|
Evanston Elitists batting - Pitching for Plumstead Eagles : RHP Jesús Germán | Pitching: RHP Jesús Germán | | Batting: LHB Jean-Sébastien Beaudin | 0-0: Ball 1-0: Ball 2-0: Ground out 1-3 (Groundball, P) | Batting: LHB George Flanagan | 0-0: Called Strike 0-1: Ball 1-1: Ball 2-1: Foul Ball, location: 2F 2-2: Ball 3-2: Base on Balls | Batting: SHB Jacob Wilcox | 0-0: Foul Ball, location: 2F 0-1: Grounds into double play, 6-4-3 (Groundball, 6) | Top of the 1st over - 0 runs, 0 hits, 0 errors, 0 left on base; Evanston 0 - Plumstead 0 | BOTTOM OF THE 1ST |
---|
Plumstead Eagles batting - Pitching for Evanston Elitists : RHP Jesús Cervantes | Pitching: RHP Jesús Cervantes | | Batting: LHB Ramón Morán | 0-0: Ball 1-0: Called Strike 1-1: Swinging Strike 1-2: Ball 2-2: Strikes out looking | Batting: SHB Travis Martin | 0-0: Fly out, F5 (Line Drive, 56) | Batting: LHB Jerry Tolbert | 0-0: Foul Ball, location: 2F 0-1: Ball 1-1: Ball 2-1: Ball 3-1: Base on Balls | Batting: RHB Edmund Swanson | 0-0: Called Strike 0-1: Foul Ball, location: 2F 0-2: DOUBLE (Groundball, 5L) Jerry Tolbert to third Jerry Tolbert scores | Batting: RHB David Rodríguez | 0-0: Ball 1-0: Ball 2-0: Foul Ball, location: 2F 2-1: Ball 3-1: Base on Balls | Batting: LHB Ismael Barajas | 0-0: Called Strike 0-1: Foul Ball, location: 2F 0-2: Ball 1-2: Fly out, F7 (Flyball, 7D) | Bottom of the 1st over - 1 run, 1 hit, 0 errors, 2 left on base; Evanston 0 - Plumstead 1 | TOP OF THE 2ND |
---|
Evanston Elitists batting - Pitching for Plumstead Eagles : RHP Jesús Germán | Batting: RHB Troy Johnson | 0-0: Foul Ball, location: 2F 0-1: Ball 1-1: Foul Ball, location: 2F 1-2: Ball 2-2: Ball 3-2: Strikes out swinging | Batting: SHB Esteban Aliaga | 0-0: Ball 1-0: SINGLE (Groundball, 6MD) | Batting: RHB Henry Morris | 0-0: Reached on error, E5 (Groundball, 5) Esteban Aliaga to second | Batting: SHB Claas van der Kuijl | 0-0: Ball Esteban Aliaga steals 3rd base 1-0: Ball 2-0: Swinging Strike 2-1: Ground out U3 (Groundball, 34) Esteban Aliaga scores Henry Morris to second | Batting: RHB Michael Scott | 0-0: Called Strike 0-1: Ball 1-1: Ball 2-1: Fly out, F8 (Flyball, 78D) | Top of the 2nd over - 1 run, 1 hit, 1 error, 1 left on base; Evanston 1 - Plumstead 1 | BOTTOM OF THE 2ND |
---|
Plumstead Eagles batting - Pitching for Evanston Elitists : RHP Jesús Cervantes | Batting: LHB Mauro López | 0-0: Ball 1-0: Ball 2-0: Called Strike 2-1: Called Strike 2-2: Ground out 6-3 (Groundball, 6) | Batting: SHB Joaquín Gilera | 0-0: Called Strike 0-1: Foul Ball, location: 2F 0-2: Ball 1-2: Foul Ball, location: 2F 1-2: Strikes out swinging | Batting: RHB Wayne Workman | 0-0: Called Strike 0-1: Swinging Strike 0-2: Foul Ball, location: 2F 0-2: Strikes out swinging | Bottom of the 2nd over - 0 runs, 0 hits, 0 errors, 0 left on base; Evanston 1 - Plumstead 1 | TOP OF THE 3RD |
---|
Evanston Elitists batting - Pitching for Plumstead Eagles : RHP Jesús Germán | Batting: LHB Edgardo Molina | 0-0: Called Strike 0-1: Swinging Strike 0-2: Strikes out looking | Batting: LHB Jean-Sébastien Beaudin | 0-0: Ball 1-0: Bunt for hit - play at first, batter OUT! 3-4 | Batting: LHB George Flanagan | 0-0: Called Strike 0-1: Ball 1-1: Foul Ball, location: 2F 1-2: Ball 2-2: Foul Ball, location: 2F 2-2: SINGLE (Line Drive, 5L) | Batting: SHB Jacob Wilcox | 0-0: Ball 1-0: Ground out U3 (Groundball, 3) | Top of the 3rd over - 0 runs, 1 hit, 0 errors, 1 left on base; Evanston 1 - Plumstead 1 | BOTTOM OF THE 3RD |
---|
Plumstead Eagles batting - Pitching for Evanston Elitists : RHP Jesús Cervantes | Batting: LHB Ramón Morán | 0-0: Foul Ball, location: 2F 0-1: Foul Ball, location: 2F 0-2: Ball 1-2: Fly out, F7 (Flyball, 7) | Batting: SHB Travis Martin | 0-0: Ball 1-0: Swinging Strike 1-1: Ball 2-1: SINGLE (Line Drive, 89S) | Batting: LHB Jerry Tolbert | 0-0: Ball 1-0: Ball 2-0: Called Strike 2-1: Fielders Choice at 2nd, 3-6 (Groundball, 3) | Batting: RHB Edmund Swanson | 0-0: Ball 1-0: Ball Jerry Tolbert steals 2nd base 2-0: Ball 3-0: Called Strike 3-1: SINGLE (Flyball, 9S) Jerry Tolbert to third Runner from 3rd tries for Home, SAFE, throw made home | Batting: RHB David Rodríguez | 0-0: Foul Ball, location: 2F 0-1: Ball 1-1: Ball 2-1: Ball 3-1: Foul Ball, location: 2F 3-2: Foul Ball, location: 2F 3-2: SINGLE (Flyball, 7LS) Edmund Swanson to second Edmund Swanson to third | Batting: LHB Ismael Barajas | 0-0: Called Strike 0-1: Ball 1-1: Fielders Choice at 2nd, 5-4 (Groundball, 56) | Bottom of the 3rd over - 1 run, 3 hits, 0 errors, 2 left on base; Evanston 1 - Plumstead 2 | TOP OF THE 4TH |
---|
Evanston Elitists batting - Pitching for Plumstead Eagles : RHP Jesús Germán | Batting: RHB Troy Johnson | 0-0: Ball 1-0: Called Strike 1-1: Ball 2-1: Foul Ball, location: 2F 2-2: Ball 3-2: Ground out 5-3 (Groundball, 56) | Batting: SHB Esteban Aliaga | 0-0: Foul Ball, location: 2F 0-1: Ground out 4-3 (Groundball, 4) | Batting: RHB Henry Morris | 0-0: Ball 1-0: Called Strike 1-1: Ball 2-1: Swinging Strike 2-2: Strikes out swinging | Top of the 4th over - 0 runs, 0 hits, 0 errors, 0 left on base; Evanston 1 - Plumstead 2 | BOTTOM OF THE 4TH |
---|
Plumstead Eagles batting - Pitching for Evanston Elitists : RHP Jesús Cervantes | Batting: LHB Mauro López | 0-0: Ball 1-0: Ground out 4-3 (Groundball, 4) | Batting: SHB Joaquín Gilera | 0-0: Ball 1-0: Fly out, F5 (Line Drive, 6) | Batting: RHB Wayne Workman | 0-0: Ball 1-0: Foul Ball, location: 2F 1-1: Swinging Strike 1-2: Ball 2-2: Ball 3-2: Strikes out swinging | Bottom of the 4th over - 0 runs, 0 hits, 0 errors, 0 left on base; Evanston 1 - Plumstead 2 | TOP OF THE 5TH |
---|
Evanston Elitists batting - Pitching for Plumstead Eagles : RHP Jesús Germán | Batting: SHB Claas van der Kuijl | 0-0: Called Strike 0-1: Ball 1-1: Ball 2-1: Ground out 1-3 (Groundball, 13S) | Batting: RHB Michael Scott | 0-0: Ball 1-0: Ground out 1-3 (Groundball, 15S) | Batting: LHB Edgardo Molina | 0-0: Ground out 4-3 (Groundball, 4D) | Top of the 5th over - 0 runs, 0 hits, 0 errors, 0 left on base; Evanston 1 - Plumstead 2 | BOTTOM OF THE 5TH |
---|
Plumstead Eagles batting - Pitching for Evanston Elitists : RHP Jesús Cervantes | Batting: LHB Ramón Morán | 0-0: Ball 1-0: Called Strike 1-1: Swinging Strike 1-2: Ball 2-2: Ball 3-2: Foul Ball, location: 2F 3-2: Foul Ball, location: 2F 3-2: Base on Balls | Batting: SHB Travis Martin | 0-0: Called Strike 0-1: Foul Ball, location: 2F 0-2: SINGLE (Line Drive, 78S) Ramón Morán to second | Batting: LHB Jerry Tolbert | 0-0: Called Strike 0-1: Ball 1-1: Called Strike 1-2: Ball 2-2: Foul Ball, location: 2F 2-2: Ball 3-2: Strikes out swinging | Batting: RHB Edmund Swanson | 0-0: Called Strike 0-1: Ball 1-1: Ground out 5-3 (Groundball, 5S) Ramón Morán to third Travis Martin to second | Batting: RHB David Rodríguez | 0-0: Ball 1-0: Foul Ball, location: 2F 1-1: Ground out 6-3 (Groundball, 56) | Bottom of the 5th over - 0 runs, 1 hit, 0 errors, 2 left on base; Evanston 1 - Plumstead 2 | TOP OF THE 6TH |
---|
Evanston Elitists batting - Pitching for Plumstead Eagles : RHP Jesús Germán | Batting: LHB Jean-Sébastien Beaudin | 0-0: Bunt missed! 0-1: Foul Ball, location: 2F 0-2: Foul Ball, location: 2F 0-2: Strikes out swinging | Batting: LHB George Flanagan | 0-0: Ball 1-0: Foul Ball, location: 2F 1-1: Fly out, F8 (Flyball, 78D) | Batting: SHB Jacob Wilcox | 0-0: Ball 1-0: Foul Ball, location: 2F 1-1: Fly out, F9 (Flyball, 9S) | Top of the 6th over - 0 runs, 0 hits, 0 errors, 0 left on base; Evanston 1 - Plumstead 2 | BOTTOM OF THE 6TH |
---|
Plumstead Eagles batting - Pitching for Evanston Elitists : RHP Jesús Cervantes | Pitching: RHP Mario Machado | | Batting: LHB Ismael Barajas | 0-0: Called Strike 0-1: Foul Ball, location: 2F 0-2: Foul Ball, location: 2F 0-2: Strikes out swinging | Batting: LHB Mauro López | 0-0: Ball 1-0: Ground out 5-3 (Groundball, 56) | Batting: SHB Joaquín Gilera | 0-0: Ball 1-0: Ball 2-0: Ball 3-0: Base on Balls | Batting: RHB Wayne Workman | 0-0: Ball 1-0: Called Strike 1-1: Ball 2-1: Fly out, F7 (Line Drive, 7S) | Bottom of the 6th over - 0 runs, 0 hits, 0 errors, 1 left on base; Evanston 1 - Plumstead 2 | TOP OF THE 7TH |
---|
Evanston Elitists batting - Pitching for Plumstead Eagles : RHP Jesús Germán | Batting: RHB Troy Johnson | 0-0: Ball 1-0: Ball 2-0: Foul Ball, location: 2F 2-1: Called Strike 2-2: Foul Ball, location: 2F 2-2: DOUBLE (Line Drive, 78M) | Batting: SHB Esteban Aliaga | 0-0: Called Strike 0-1: Ground out U3 (Groundball, 34S) Troy Johnson to third | Pinch Hitting: LHB Javier Mejía | 0-0: Ball 1-0: Foul Ball, location: 2F 1-1: Ball 2-1: Swinging Strike 2-2: Strikes out swinging | Batting: SHB Claas van der Kuijl | 0-0: Foul Ball, location: 2F 0-1: Foul Ball, location: 2F 0-2: Ball 1-2: Strikes out swinging | Top of the 7th over - 0 runs, 1 hit, 0 errors, 1 left on base; Evanston 1 - Plumstead 2 | BOTTOM OF THE 7TH |
---|
Plumstead Eagles batting - Pitching for Evanston Elitists : RHP Mario Machado | Pitching: LHP Gregory Thompson | | Now at 2B: Terry Lawrence | | Batting: LHB Ramón Morán | 0-0: Ball 1-0: Ball 2-0: Foul Ball, location: 2F 2-1: Foul Ball, location: 2F 2-2: Ball 3-2: Foul Ball, location: 2F 3-2: Base on Balls | Pitching: RHP Carlos Briacho | | Batting: SHB Travis Martin | 0-0: Bunt missed! 0-1: Ball 1-1: Sac Bunt - play at first, batter OUT! 2-4 Ramón Morán to second | Pitching: LHP Sam Olson | | Batting: LHB Jerry Tolbert | 0-0: Foul Ball, location: 2F 0-1: Called Strike 0-2: Ball 1-2: Foul Ball, location: 2F 1-2: Foul Ball, location: 2F 1-2: Ball 2-2: Foul Ball, location: 2F 2-2: Strikes out swinging | Pitching: LHP Wilson Ramos | | Batting: RHB Edmund Swanson | 0-0: Called Strike 0-1: Called Strike 0-2: Foul Ball, location: 2F 0-2: Foul Ball, location: 2F 0-2: Foul Ball, location: 2F 0-2: Ball 1-2: Foul Ball, location: 2F 1-2: Ball 2-2: Foul Ball, location: 2F 2-2: Ground out 6-3 (Groundball, 6) | Bottom of the 7th over - 0 runs, 0 hits, 0 errors, 1 left on base; Evanston 1 - Plumstead 2 | TOP OF THE 8TH |
---|
Evanston Elitists batting - Pitching for Plumstead Eagles : RHP Jesús Germán | Batting: RHB Michael Scott | 0-0: Ball 1-0: Ball 2-0: Ball 3-0: Base on Balls | Pitching: LHP Ánibal Barajas | | Pinch Hitting: RHB Jorge Calderón | 0-0: Ball 1-0: Bunted foul 1-1: Ball 2-1: Sac Bunt - play at first, batter OUT! 1-4 Michael Scott to second | Batting: LHB Jean-Sébastien Beaudin | 0-0: Called Strike 0-1: Ball 1-1: Fly out, F8 (Flyball, 89D) Runner from 2nd tags up, SAFE at 3rd, no throw | Pinch Hitting: RHB Jerry Browning | 0-0: Swinging Strike 0-1: Ball 1-1: Ball 2-1: Ball 3-1: Base on Balls | Pitching: RHP Mario García | | Batting: SHB Jacob Wilcox | 0-0: Ball 1-0: Called Strike 1-1: Ball 2-1: Ball 3-1: Ground out 4-3 (Groundball, 34) | Top of the 8th over - 0 runs, 0 hits, 0 errors, 2 left on base; Evanston 1 - Plumstead 2 | BOTTOM OF THE 8TH |
---|
Plumstead Eagles batting - Pitching for Evanston Elitists : LHP Wilson Ramos | Now at SS: António Martínez | | Now in RF: Jorge Calderón | | Batting: RHB David Rodríguez | 0-0: Called Strike 0-1: Called Strike 0-2: Ball 1-2: Ground out 1-3 (Groundball, P) | Batting: LHB Ismael Barajas | 0-0: Ball 1-0: Called Strike 1-1: Ball 2-1: SOLO HOME RUN (Flyball, 9LD), Distance : 377 ft | Batting: LHB Mauro López | 0-0: Ball 1-0: Ball 2-0: Ball 3-0: Called Strike 3-1: Swinging Strike 3-2: Foul Ball, location: 2F 3-2: Strikes out swinging | Batting: SHB Joaquín Gilera | 0-0: Ball 1-0: Ball 2-0: Ball 3-0: Base on Balls | Batting: RHB Wayne Workman | 0-0: Ball 1-0: DOUBLE (Line Drive, 8RD) Joaquín Gilera to third Runner from 3rd tries for Home, SAFE, no throw | Pitching: LHP Juan Martínez | | Batting: LHB Ramón Morán | 0-0: Called Strike 0-1: Foul Ball, location: 2F 0-2: Foul Ball, location: 2F 0-2: SINGLE (Flyball, 7LS) Wayne Workman to third Runner from 3rd tries for Home, SAFE, throw made home | Batting: SHB Travis Martin | 0-0: Ball 1-0: SINGLE (Line Drive, 89S) Ramón Morán to second | Batting: LHB Jerry Tolbert | 0-0: Swinging Strike 0-1: Ball 1-1: Foul Ball, location: 2F 1-2: Strikes out swinging | Bottom of the 8th over - 3 runs, 4 hits, 0 errors, 2 left on base; Evanston 1 - Plumstead 5 | TOP OF THE 9TH |
---|
Evanston Elitists batting - Pitching for Plumstead Eagles : RHP Mario García | Batting: RHB Troy Johnson | 0-0: Called Strike 0-1: Ball 1-1: Ball 2-1: Ball 3-1: Foul Ball, location: 2F 3-2: Fly out, F7 (Flyball, 7D) | Batting: SHB Esteban Aliaga | 0-0: Foul Ball, location: 2F 0-1: Ball 1-1: Ball 2-1: SINGLE (Line Drive, 89S) | Batting: RHB Terry Lawrence | 0-0: Ball 1-0: Ball 2-0: Called Strike 2-1: Foul Ball, location: 2F 2-2: Strikes out swinging | Batting: SHB Claas van der Kuijl | 0-0: Ball 1-0: Foul Ball, location: 2F 1-1: Swinging Strike 1-2: Foul Ball, location: 2F 1-2: Strikes out swinging | Top of the 9th over - 0 runs, 1 hit, 0 errors, 1 left on base; Evanston 1 - Plumstead 5 | |